 Dungeon Crawl Stone Soup version 0.31.0-9-g3a7656b989 (webtiles) character file.

Game seed: 11031545682119494180

193 qw the Shooter (level 5, 0/26 HPs)
             Began as a Spriggan Hunter on Feb 2, 2024.
             Slain by a ribbon worm (4 damage)
             ... on level 3 of the Dungeon.
             The game lasted 00:00:06 (1617 turns).

qw the Shooter (Spriggan Hunter)                    Turns: 1617, Time: 00:00:07

Health: 0/26       AC:  2    Str:  7    XL:     5   Next: 43%
Magic:  6/6        EV: 25    Int: 11    God:
Gold:   242        SH:  0    Dex: 20    Spells: 4/4 levels left

rFire   . . .        a - +0 shortbow
rCold   . . .        (shield currently unavailable)
rNeg    . . .        c - +0 robe
rPois   .            (helmet restricted)
rElec   .            (no cloak)
rCorr   +            (gloves unavailable)
SInv    +            (boots unavailable)
Will    .....        (no amulet)
Stlth   ++           d - +5 ring of evasion
HPRegen 0.24/turn    h - ring of resist corrosion
MPRegen 0.10/turn

%: no passive effects
@: very quick
A: very small, no large weapons, unfitting armour, see invisible, speed 3
a: no special abilities


You were on level 3 of the Dungeon.
You visited 1 branch of the dungeon, and saw 3 of its levels.

You collected 242 gold pieces.


Innate Abilities, Weirdness & Mutations

You are very small and have problems with some larger weapons.
You are too small for most types of armour.
You have supernaturally acute eyesight. (SInv)
You cover ground extremely quickly. (Speed+++)


   Skills:
 - Level 2.1 Fighting
 + Level 5.6 Ranged Weapons
 - Level 5.0 Dodging
 - Level 1.5 Stealth


You had 4 spell levels left.
You didn't know any spells.
Your spell library was empty.

Inventory:

Hand Weapons
 a - a +0 shortbow (weapon)
Armour
 c - a +0 robe (worn)
Jewellery
 b - a ring of willpower
 d - a +5 ring of evasion (left hand)
 h - a ring of resist corrosion (right hand)
Scrolls
 k - a scroll of enchant armour {unknown}
Potions
 e - a potion of haste
 g - a potion of heal wounds {unknown}
 i - 3 potions of curing {unknown}
 j - a potion of brilliance {unknown}

Dungeon Overview and Level Annotations

Branches:
Dungeon (3/15)

Altars:
Dithmenos
Gozag
Sif Muna
Trog

Shops:
D:3 *


Message History

You feel less confused.
The orc wizard points at you and mumbles some strange words.
The puff of flame misses you.
The orc throws a stone.
The stone hits the orc wizard but does no damage.
You shoot an arrow. The arrow hits the orc wizard.
You kill the orc wizard!
You shoot an arrow.
The arrow hits the orc but does no damage.
The orc completely misses you.
You shoot an arrow. The arrow closely misses the orc.
The arrow hits the orc!
You kill the orc!
The orc misses you. The orc completely misses you.
You shoot an arrow. The arrow hits the orc.
The orc is lightly wounded.
The orc barely misses you.
You shoot an arrow.
The arrow hits the orc but does no damage.
The orc is lightly wounded.
The orc hits you with a +0 whip.
You shoot an arrow. The arrow hits the orc.
The orc is moderately wounded.
The orc misses you.
You shoot an arrow.
The arrow hits the orc but does no damage.
The orc is moderately wounded.
The orc completely misses you.
You shoot an arrow. The arrow hits the orc!
You kill the orc!
The ribbon worm expels a string of sticky webbing.
The stream of webbing misses you.
You shoot an arrow. The arrow hits the ribbon worm.
The ribbon worm is lightly wounded.
You shoot an arrow.
The arrow hits the ribbon worm but does no damage.
The ribbon worm expels a string of sticky webbing.
The stream of webbing hits you but does no damage.
You are caught in a web!
The web tears apart.
The ribbon worm bites you.
You die...

#......####.# #.#####
#......####.#####.##...
+:.....#.....##........
####........##....<#.###.#
........######.#####.# #.<
.......[######.# #.# #..
.###....#......## ..# #..
#>..............# ### ###
..#######@#...... #
#w##.#### .)...# .....
....... ........#
.........# .....?....#


You could see a ribbon worm (catching breath).

Vanquished Creatures
  Jessica (D:3)
  Terence (D:3)
  2 orc wizards (D:3)
  2 adders (D:3)
  7 dart slugs
  A ribbon worm (D:2)
  3 orcs (D:3)
  6 ball pythons (D:1)
  3 endoplasms
  4 giant cockroaches
  5 goblins
  6 hobgoblins
  4 jackals (D:1)
  2 kobolds (D:1)
  A quokka (D:2)
  A bat (D:1)
  3 frilled lizards
  A rat (D:2)
53 creatures vanquished.

Notes
Turn   | Place    | Note
-------+----------+-------------------------------------------
     0 | D:1      | qw the Spriggan Hunter began the quest for the Orb.
     0 | D:1      | Reached XP level 1. HP: 10/10 MP: 2/2
     0 | D:1      | 0 ||| qw: Version: 0.3-a-155-g5e7d8dd
     0 | D:1      | 0 ||| qw: Game counter: 598
     0 | D:1      | 0 ||| qw: Melee chars always use a shield: true
     0 | D:1      | 0 ||| qw: God list: Okawaru
     0 | D:1      | 0 ||| qw: Allow faded altars: false
     0 | D:1      | 0 ||| qw: Do Orc after clearing Dungeon:15 true
     0 | D:1      | 0 ||| qw: Do second Lair branch before Depths: true
     0 | D:1      | 0 ||| qw: Lair rune preference: random
     0 | D:1      | 0 ||| qw: Goals: Normal
     0 | D:1      | 0 ||| PLANNING D:1-11
    19 | D:1      | Reached skill level 3 in Dodging
    30 | D:1      | Reached XP level 2. HP: 12/14 MP: 3/3
   323 | D:1      | Reached XP level 3. HP: 18/18 MP: 4/4
   660 | D:1      | 660 ||| UPGRADING to +5 ring of evasion.
   661 | D:1      | 661 ||| READING scroll labelled VOLAICW DOIDET.
   666 | D:1      | 666 ||| READING scroll labelled HUS PUISYRPH.
   667 | D:1      | 667 ||| READING scroll labelled JUSTRO NOXUHECA.
   667 | D:1      | 667 ||| IDENTIFYING yellow potion
   668 | D:1      | 668 ||| DROPPING scroll of butterflies.
   669 | D:1      | 669 ||| DROPPING potion of invisibility.
  1263 | D:2      | 1263 ||| UPGRADING to ring of resist corrosion.
  1264 | D:2      | 1264 ||| READING scroll of identify.
  1264 | D:2      | 1264 ||| IDENTIFYING puce potion
  1265 | D:2      | 1265 ||| READING scroll labelled XIUBLO CYOREL.
  1294 | D:3      | Found a shadowy altar of Dithmenos.
  1327 | D:3      | Found Gozag's Platinum Reserve.
  1332 | D:3      | Reached XP level 4. HP: 22/22 MP: 5/5
  1365 | D:3      | Noticed Jessica
  1369 | D:3      | Killed Jessica
  1370 | D:3      | Found a shimmering blue altar of Sif Muna.
  1379 | D:3      | Noticed Terence
  1390 | D:3      | Killed Terence
  1421 | D:3      | Found a bloodstained altar of Trog.
  1438 | D:3      | Found an opulent altar of Gozag.
  1450 | D:3      | 1450 ||| SHOPLISTING +8 sling "Ream" {antimagic, +Blink rF-
                  | Will+ Int+5} (6760 gold, have 179).
  1450 | D:3      | 1450 ||| SHOPLISTING ring of Wylath {rElec rPois rC+ Int+3}
                  | (4950 gold, have 179).
  1567 | D:3      | Reached XP level 5. HP: 26/26 MP: 6/6
  1600 | D:3      | HP: 6/26 [poisoned by an orc wizard]
  1606 | D:3      | 1606 ||| DRINKING black potion.
  1611 | D:3      | HP: 2/26 [orc/+0 whip (4)]
  1617 | D:3      | Slain by a ribbon worm

Levels and vault maps discovered:
D:1:      lightli_arrival_maybe_door_vault, layout_loops_ring
D:2:      cheibrodos_old_hovel, layout_loops_ring
D:3:      minmay_octagon_keep, layout_basic,
          nzn_overflow_gifts_of_might_and_magic,
          nicolae_dithmenos_shadow_blocks, nicolae_gozag_zags_fifth_avenue

Skill      XL: |  1  2  3  4 |
---------------+-------------+-----
Dodging        | 3 4 5 |  5.0
Ranged Weapons | 5 |  5.6
Fighting       | 2 |  2.1
Stealth        | |  1.5

Action                     |  1- 3 |  4- 6 || total
---------------------------+-------+-------++-------
   Fire: Shortbow          |   104 |    49 ||   153
    Use: Scroll            |     5 |       ||     5
         Potion            |       |     1 ||     1
 Armour: Robe              |    13 |     7 ||    20
  Dodge: Dodged            |    32 |    25 ||    57

Table legend:
 A = Non-vault XP
 B = Vault XP
 C = Vault XP percentage of total XP
 D = Non-vault monster count
 E = Vault monster count
 F = Vault count percentage of total count
                 A         B        C        D         E       F
            +---------+---------+-------+---------+---------+-------
      Total |     201 |      75 |  27.2 |      50 |       3 |   5.7
            +---------+---------+-------+---------+---------+-------
        D:1 |      63 |       0 |   0.0 |      29 |       0 |   0.0
        D:2 |      26 |       2 |   7.1 |      11 |       1 |   8.3
        D:3 |     112 |      73 |  39.5 |      10 |       2 |  16.7
            +---------+---------+-------+---------+---------+-------
